 Dungeon Crawl Stone Soup version 0.20-a0-2-g2b0e13a (webtiles) character file.

359 graymark the Sneak (level 6, -8/43 HPs)
             Began as an Octopode Assassin on Oct 29, 2016.
             Was an Initiate of Gozag.
             Mangled by a wight
             ... wielding a +3 flail
              (12 damage)
             ... on level 5 of the Dungeon.
             The game lasted 00:10:09 (4281 turns).

graymark the Sneak (Octopode Assassin)              Turns: 4281, Time: 00:10:10

Health: -8/43      AC:  1    Str: 10    XL:     6   Next: 65%
Magic:  6/6        EV: 14    Int: 13    God:    Gozag
Gold:   178        SH:  0    Dex: 16    Spells: 0 memorised, 5 levels left

rFire  . . .     SeeInvis .     a - +2 dagger
rCold  . . .     Gourm    .     (no shield)
rNeg   . . .     Faith    .     (helmet restricted)
rPois  .         Spirit   .     (no amulet)
rElec  .         Reflect  .     y - ring of flight
rCorr  .         Harm     .     (no ring)
MR     .....                    (no ring)
Stlth  ++++......               (no ring)
                                (no ring)
                                (no ring)
                                (no ring)
                                (no ring)

@: gold aura, drained
A: almost no armour, stealthy swim, amphibious, 8 rings, constrict 8, camouflage
1, gelatinous body 1
a: Potion Petition, Call Merchant, Bribe Branch, Renounce Religion, Evoke Flight


You were on level 5 of the Dungeon.
You worshipped Gozag.
Gozag was aware of your devotion.
You were hungry.

You visited 1 branch of the dungeon, and saw 5 of its levels.

You collected 223 gold pieces.
You paid 45 gold pieces to Gozag.

Inventory:

Hand Weapons
 a - a +2 dagger (weapon)
 b - a +0 blowgun
 e - a +0 hunting sling
 E - a +0 rapier
Missiles
 c - 5 poisoned needles
 d - 2 curare-tipped needles
 s - 28 stones (quivered)
 x - 17 sling bullets
Jewellery
 o - an uncursed ring of fire
 y - a ring of flight (left tentacle)
Scrolls
 g - a scroll of teleportation
 i - 2 scrolls of immolation {unknown}
 j - 2 scrolls of enchant armour {unknown}
 k - a scroll of magic mapping {unknown}
 n - 3 scrolls of remove curse
 B - a scroll of random uselessness {unknown}
 C - a scroll of recharging {unknown}
 D - 3 scrolls of identify
Potions
 h - a potion of brilliance {unknown}
 l - a potion of flight
 m - 3 potions of lignification
 p - a potion of ambrosia {unknown}
 q - 3 potions of haste
 r - 3 potions of heal wounds {unknown}
 t - 3 potions of curing
 u - 2 potions of agility {unknown}
 w - a potion of might {unknown}
 A - a potion of berserk rage {unknown}
Comestibles
 f - 2 bread rations
 v - 2 meat rations
 z - a fruit


   Skills:
 + Level 3.9(3.1) Fighting
 + Level 3.8(3.0) Short Blades
 - Level 2.0(1.3) Throwing
 + Level 3.2(2.5) Dodging
 + Level 7.0(6.2) Stealth


You had 5 spell levels left.
You didn't know any spells.

Dungeon Overview and Level Annotations

Branches:
Dungeon (5/15)
 Temple: D:4-7

Altars:
Cheibriados
Dithmenos
Fedhas
Gozag
Hepliaklqana
Nemelex Xobeh
Okawaru
Uskayaw


Innate Abilities, Weirdness & Mutations

You cannot wear most types of armour.
You are very stealthy in the water. (Stealth+)
You are amphibious.
You can wear up to eight rings at the same time.
You can use your tentacles to constrict eight enemies at once.
Your skin changes colour to match your surroundings (Stealth+).
Your rubbery body absorbs attacks. (AC +1, EV +1)


Message History

The wight is almost destroyed.
You constrict the wight.
You destroy the wight!
Your base Stealth skill increases to level 7!
You hit the wight. You grab the wight.
The wight is lightly damaged.
You constrict the wight, but do no damage.
The wight hits you with an enchanted flail! x2
You feel drained.
You barely miss the wight. You squeeze the wight.
The wight is moderately damaged.
You constrict the wight. The wight closely misses you.
The wight hits you with an enchanted flail!
* * * LOW HITPOINT WARNING * * *
You feel drained.
* * * LOW HITPOINT WARNING * * *
You release your grip on the wight.
The wight hits you with an enchanted flail!
You die...
Your body crumbles into a pile of gold.

##### # ########+# +#
#<...
.#.##......#.#.#.#
####. .%.......... (..
#. ........#+#.# #.
#.#........# #.
#..@z......# #.
#####z......# #.
.............# #.
.....###..####... #.
......###.####...# #.
.................# #.
...........###...####.
...z.###.#.# #...#....
...###.#.####.......


You could see 2 wights.

Vanquished Creatures
  An ogre (D:4)
  A wight (D:5)
  An iguana (D:4)
  Natasha (twice) (D:3)
  A worker ant (D:5)
  A hound skeleton (D:5)
  An adder (D:1)
  2 oozes
  An adder zombie (D:5)
  5 worms
  3 dart slugs
  3 leopard geckos
  7 orcs (D:3)
  8 giant cockroaches
  6 goblins
  6 hobgoblins
  3 jackals (D:2)
  2 quokkas
  5 ball pythons
  3 bats
  3 frilled lizards
  7 kobolds
  7 rats
79 creatures vanquished.

Notes
Turn   | Place    | Note
-------+----------+-------------------------------------------
     0 | D:1      | graymark the Octopode Assassin began the quest for the Orb.
     0 | D:1      | Reached XP level 1. HP: 14/14 MP: 1/1
   413 | D:1      | Reached XP level 2. HP: 18/19 MP: 2/2
   919 | D:1      | Reached XP level 3. HP: 25/25 MP: 3/3
  1550 | D:2      | Found a hide-covered altar of Uskayaw.
  1554 | D:2      | Found a blossoming altar of Fedhas.
  1554 | D:2      | Found an iron altar of Okawaru.
  1554 | D:2      | Found a sparkling altar of Nemelex Xobeh.
  1561 | D:2      | Found a shadowy altar of Dithmenos.
  1895 | D:2      | Reached XP level 4. HP: 17/30 MP: 4/4
  2090 | D:2      | Reached skill level 6 in Stealth
  2541 | D:3      | Noticed Natasha
  2545 | D:3      | Killed Natasha
  2937 | D:3      | Reached XP level 5. HP: 36/36 MP: 5/5
  3009 | D:3      | Noticed Natasha
  3015 | D:3      | Killed Natasha
  3299 | D:3      | Found an opulent altar of Gozag.
  3311 | D:3      | Became a worshipper of Gozag Ym Sagoz the Greedy
  3432 | D:4      | Noticed an ogre
  3834 | D:4      | Noticed an ogre
  3838 | D:4      | Killed an ogre
  3838 | D:4      | Reached XP level 6. HP: 42/42 MP: 6/6
  3914 | D:5      | Entered Level 5 of the Dungeon
  4180 | D:5      | Found a hide-covered altar of Uskayaw.
  4190 | D:5      | Found a hazy altar of Hepliaklqana.
  4202 | D:5      | Found a snail-covered altar of Cheibriados.
  4278 | D:5      | Reached skill level 7 in Stealth
  4281 | D:5      | Mangled by a wight

Vault maps used:
D:1:      dpeg_arrival_erosion, serial_glass, glass_columns_a, glass_columns_a,
          minmay_pentomino_v2
D:2:      grunt_temple_overflow_open
D:3:      lemuel_coloured_pillars_altar, uniq_natasha
D:4:      hangedman_decor_points, uniq_blork_the_orc
D:5:      nicolae_overflow_quartered_altars, first_bread, basic_altar,
          minmay_misc_feat_columns, uniq_crazy_yiuf_cottage, uniq_menkaure

Skill      XL: |  1  2  3  4  5  6 |
---------------+-------------------+-----
Stealth        | 6 7 |  7.0
Dodging        | 2 3 |  3.2
Fighting       | 3 |  3.9
Short Blades   | 3 |  3.8
Throwing       | |  2.0

Action                   |  1- 3 |  4- 6 || total
-------------------------+-------+-------++-------
Melee: Dagger            |    74 |   118 ||   192
       Constrict         |    20 |    26 ||    46
       Tentacles         |    16 |    26 ||    42
 Fire: Blowgun           |     2 |     3 ||     5
  Use: Scroll            |       |     7 ||     7
       Potion            |       |     1 ||     1
 Stab: Sleeping          |    10 |    14 ||    24
       Distracted        |       |     1 ||     1
  Eat: Chunk             |     3 |     5 ||     8
       Fruit             |       |     2 ||     2
Armor: Skin              |     4 |     5 ||     9
Dodge: Dodged            |    29 |    67 ||    96
